 Dungeon Sprint DCSS version 0.14-a0-788-g14b720c (webtiles) character file.

109694 Bloax the Shatterer (level 17, -20/119 HPs)
             Began as a Formicid Fighter on Nov 10, 2013.
             Was the Champion of Cheibriados.
             Killed from afar by a Shadow Fiend (24 damage)
             ... with a bolt of negative energy
             ... in the Dungeon (Sprint V: "Ziggurat Sprint").
             The game lasted 00:20:24 (1518 turns).

Bloax the Shatterer (Formicid Fighter)              Turns: 1518, Time: 00:20:24

HP -20/119       AC 43     Str 59      XL: 17   Next: 64%
MP   3/32        EV 24     Int 22      God: Cheibriados [******]
Gold 0           SH 65     Dex 25      Spells:  0 memorised, 16 levels left

Res.Fire  : + + +   See Invis. : +   C - +6 dark maul {crush}
Res.Cold  : + . .   Warding    : +   a - +12 gold dragon armour
Life Prot.: + . .   Conserve   : .   b - +3 large shield
Res.Poison: .       Res.Corr.  : .   (helmet unavailable)
Res.Elec. : .       Clarity    : .   (no cloak)
Sust.Abil.: . .     Spirit.Shd : .   H - +2 pair of gloves {Str+3}
Res.Mut.  : .       Stasis     : +   J - +1 pair of boots of the Valley {+Rage rF++}
Res.Rott. : .       Flight     : .   g - amulet of warding
Saprovore : . . .                    B - +6 ring of strength
                                     A - +6 ring of strength

@: studying Invocations, drained, very slow, quite resistant to hostile
enchantments, extremely unstealthy
A: permanent stasis, dig shafts and tunnels, four strong arms, poison weakness,
antennae 3, slowness 1, exoskeleton 1
a: Dig, Bend Time, Temporal Distortion, Slouch, Step From Time, Renounce
Religion, Evoke Berserk Rage


You were in the Dungeon.
You worshipped Cheibriados.
Cheibriados was exalted by your worship.
You were not hungry.

You visited 1 branch


Innate Abilities, Weirdness & Mutations

Your are under a permanent stasis effect.
You can dig through walls and to a lower floor.
Your four strong arms can wield any weapon, most with a shield.
You are susceptible to poison.
You have a pair of large antennae on your head (SInv).
Your body is surrounded by an exoskeleton. (HP +5, AC +1)
You cover ground slowly.


   Skills:
 + Level 17.5(16.6) Fighting
 + Level 25.0(23.9) Maces & Flails
 - Level 22.7(21.7) Armour
 + Level 18.2(17.3) Dodging
 + Level 21.2(20.2) Shields
 + Level 14.7(13.8) Invocations
 - Level 7.4(6.7) Evocations


You had 16 spell levels left.
You didn't know any spells.

Dungeon Overview and Level Annotations

Branches:
Dungeon (1/1)

Altars:
Ashenzari
Cheibriados
Elyvilon
Fedhas
Kikubaaqudgha
Makhleb
Nemelex Xobeh
Okawaru
Sif Muna
Trog
Vehumet
Xom
Yredelemnul
Zin
the Shining One
Beogh
Jiyva
Lugonu

Inventory:

Hand weapons
 C - the +6,+6 dark maul (weapon) {crush}
   (You found it in the Dungeon)

   It inflicts extra damage upon your enemies.
 E - the +4,+8 shillelagh "Devastator"
   (You found it in the Dungeon)
Armour
 a - a +12 gold dragon armour (worn)
   (You found it in the Dungeon)
 b - a +3 large shield (worn)
   (You found it in the Dungeon)
 f - the +4 moon troll leather armour {Spirit, MP+5 Regen}
   (You found it in the Dungeon)

   It affects your magic capacity (+5).
   It increases your rate of regeneration.
 D - the +6 shield of the gong {rElec rN+ MR+}
   (You found it in the Dungeon)

   It insulates you from electricity.
   It protects you from negative energy.
   It affects your resistance to hostile enchantments.
 F - the -2 cloak of Limitation {rElec}
   (You found it in the Dungeon)

   It insulates you from electricity.
 H - a +2 pair of gloves of strength (worn)
   (You found it in the Dungeon)
 J - the +1 pair of boots of the Valley (worn) {+Rage rF++}
   (You found it in the Dungeon)

   It greatly protects you from fire.
   It lets you go berserk.
   Cheibriados disapproves of the use of such an item.
 K - a cursed +2 pair of gloves of strength
   (You found it in the Dungeon)
Magical devices
 w - a wand of disintegration (7)
   (You found it in the Dungeon)
 x - a wand of fire (5)
   (You found it in the Dungeon)
 y - a wand of cold (4)
   (You found it in the Dungeon)
 z - a wand of draining (5)
   (You found it in the Dungeon)
Comestibles
 u - 42 strawberries
 v - 4 meat rations
Scrolls
 c - 3 scrolls of enchant armour
 n - 3 scrolls of amnesia
 p - a scroll of fog
 q - 3 scrolls of identify
 r - 3 scrolls of remove curse
 s - 2 scrolls of fear
 t - a scroll of holy word
 T - 3 scrolls of recharging
Jewellery
 d - an uncursed ring of poison resistance
   (You found it in the Dungeon)
 g - an amulet of warding (around neck)
   (You found it in the Dungeon)
 k - an uncursed amulet of guardian spirit
   (You found it in the Dungeon)
 o - an uncursed amulet of clarity
   (You found it in the Dungeon)
 A - a +6 ring of strength (left hand)
   (You found it in the Dungeon)
 B - a +6 ring of strength (right hand)
   (You found it in the Dungeon)
 I - the ring "Gonkyus" {SustAb rElec rC+}
   (You found it in the Dungeon)

   [ring of sustain abilities]

   It protects you from cold.
   It insulates you from electricity.
 N - an uncursed amulet of resist corrosion
   (You found it in the Dungeon)
Potions
 h - 4 potions of magic
 i - a potion of restore abilities
 j - a potion of resistance
 l - 2 potions of agility
 m - 3 potions of might
 O - a potion of porridge
Books
 U - a manual of Invocations {!d}
   (You found it in the Dungeon)
Miscellaneous
 G - a lamp of fire
   (You found it in the Dungeon)
 L - a fan of gales
   (You found it in the Dungeon)
 M - a phial of floods
   (You found it in the Dungeon)
 P - a phial of floods
   (You found it in the Dungeon)
 Q - a phial of floods
   (You found it in the Dungeon)
 R - a fan of gales
   (You found it in the Dungeon)
 S - a lamp of fire
   (You found it in the Dungeon)

........#..|.)))).[|[|
.........#..):|[)||.[[.
..........#......).|....
.........)|#.......%.....
............#.............
..........%..#.............
..............#......|).....
...............#........%....
#.........#@..#......).%....
##.......###..#......)).....
..#.........#...#.....%%).....
...............1.#........%....
.................#.........)...
##################.............
##############


{{{{{ { {{{ #......8^8.... {{{{{{{{{ #..:).[:..")}) You could see a Shadow
Fiend.


Message History

You feel somewhat more hungry. The soul eater misses you.
You block the soul eater's attack.
The Shadow Fiend calls on the powers of darkness!
Your body is wracked with pain!
* * * LOW HITPOINT WARNING * * *
You block the soul eater's attack. The soul eater misses you.
Unknown command.
Unknown command.
Unknown command.
Use which ability? (? or * to list)
You can feel time thicken for a moment.
You kill the soul eater!
Cheibriados appreciates the change of pace.
Your Fighting skill increases to level 17!
You kill the soul eater!
Cheibriados appreciates the change of pace.
You kill the soul eater!
Cheibriados thoroughly appreciates the change of pace.
You kill the soul eater!
Cheibriados appreciates the change of pace.
Your Invocations skill increases to level 13!
You kill the soul eater!
Cheibriados thoroughly appreciates the change of pace.
You kill the soul eater!
Cheibriados thoroughly appreciates the change of pace.
You feel somewhat more hungry. You block the ghoul's attack.
You block the ghoul's attack.
Unknown command.
Unknown command.
Unknown command.
Use which ability? (? or * to list)
You can feel time thicken for a moment.
You kill the Shadow Fiend!
Cheibriados thoroughly appreciates the change of pace.
Your Dodging skill increases to level 18!
Your Shields skill increases to level 21!
You feel somewhat more hungry. You block the ghoul's attack.
You block the ghoul's attack.
Unknown command.
Unknown command.
Unknown command.
You flatten the Shadow Fiend like a pancake!!!
You kill the Shadow Fiend!
Cheibriados thoroughly appreciates the change of pace.
Your Maces & Flails skill increases to level 25!
Your Invocations skill increases to level 14!
You block the ghoul's attack.
Unknown command.
Unknown command.
Unknown command.
You flatten the ghoul like a pancake!!!!!
You destroy the ghoul!
Cheibriados thoroughly appreciates the change of pace.
Unknown command.
A Shadow Fiend comes into view.
The Shadow Fiend roars!
The Shadow Fiend gestures at you. The bolt of negative energy hits you!
You partially resist.
You feel drained.
* * * LOW HITPOINT WARNING * * *
Unknown command.
Unknown command.
The Shadow Fiend calls on the powers of darkness!
Your body is wracked with pain!
* * * LOW HITPOINT WARNING * * *
The Shadow Fiend calls on the powers of darkness!
You feel a surge of unholy energy.
Unknown command.
The Shadow Fiend gestures at you. The bolt of negative energy hits you!
You partially resist.
You feel drained.
You die...

Action                   |  1- 3 |  4- 6 |  7- 9 | 10-12 | 13-15 | 16-18 || total
-------------------------+-------+-------+-------+-------+-------+-------++-------
Melee: Shillelagh        |    13 |     5 |       |    11 |    64 |       ||    93
       Maul              |       |       |     9 |    39 |    47 |    35 ||   130
Invok: Temporal Distorti |       |       |     1 |     1 |     2 |     3 ||     7
       Slouch            |       |       |       |     9 |    12 |    13 ||    34
Evoke: Wand              |       |       |     1 |       |       |       ||     1
       Deck              |       |       |       |       |     6 |       ||     6
       Miscellaneous     |       |       |       |       |       |     3 ||     3
  Use: Potion            |     1 |     1 |     1 |     5 |     9 |     7 ||    24
       Scroll            |       |       |     1 |     1 |     7 |     2 ||    11

Vault maps used:
D:        sprint_v

Notes
Turn   | Place    | Note
--------------------------------------------------------------
     0 | D        | Bloax, the Formicid Fighter, began the quest for the Orb.
     0 | D        | Reached XP level 1. HP: 19/19 MP: 0/0
     0 | D        | Found an ancient bone altar of Kikubaaqudgha.
     1 | D        | Found an iron altar of Okawaru.
     1 | D        | Found a basalt altar of Yredelemnul.
    26 | D        | Became a worshipper of Cheibriados the Contemplative
    30 | D        | Found a shimmering altar of Xom.
    30 | D        | Found a radiant altar of Vehumet.
    33 | D        | Found a burning altar of Makhleb.
    34 | D        | Found a white marble altar of Elyvilon.
    36 | D        | Found a deep blue altar of Sif Muna.
    36 | D        | Found a sparkling altar of Nemelex Xobeh.
    43 | D        | Found a bloodstained altar of Trog.
    83 | D        | Entered arena 1.
    84 | D        | Reached skill level 4 in Armour
    84 | D        | Reached XP level 2. HP: 24/24 MP: 1/1
    84 | D        | Acquired Cheibriados' first power
    84 | D        | Reached skill level 3 in Maces & Flails
    84 | D        | Reached XP level 3. HP: 29/29 MP: 2/2
    89 | D        | Entered arena 2.
    89 | D        | Noticed a draconian
    89 | D        | Noticed a draconian
    89 | D        | Noticed a draconian
   103 | D        | Killed a draconian
   103 | D        | Reached skill level 5 in Fighting
   103 | D        | Reached skill level 5 in Maces & Flails
   103 | D        | Reached skill level 6 in Armour
   103 | D        | Reached skill level 5 in Shields
   103 | D        | Reached XP level 4. HP: 9/34 MP: 3/3
   103 | D        | Reached XP level 5. HP: 10/39 MP: 4/4
   105 | D        | HP: 5/39 [draconian (6)]
   109 | D        | Killed a draconian
   109 | D        | Reached skill level 8 in Fighting
   109 | D        | Reached skill level 7 in Maces & Flails
   109 | D        | Reached skill level 9 in Armour
   109 | D        | Reached skill level 8 in Shields
   109 | D        | Reached XP level 6. HP: 34/46 MP: 5/5
   109 | D        | Reached XP level 7. HP: 37/51 MP: 6/6
   110 | D        | Reached skill level 10 in Invocations
   110 | D        | Reached XP level 8. HP: 42/57 MP: 3/19
   112 | D        | Killed a draconian
   112 | D        | Reached skill level 9 in Fighting
   112 | D        | Reached skill level 8 in Maces & Flails
   112 | D        | Reached skill level 10 in Armour
   112 | D        | Reached skill level 9 in Shields
   112 | D        | Reached XP level 9. HP: 45/62 MP: 3/21
   146 | D        | Entered arena 3.
   146 | D        | Noticed a hell hound
   148 | D        | Killed a hell hound
   148 | D        | Reached skill level 9 in Maces & Flails
   149 | D        | Acquired Cheibriados' second power
   152 | D        | Acquired Cheibriados' third power
   152 | D        | Reached skill level 11 in Armour
   186 | D        | Entered arena 4.
   186 | D        | Noticed an ogre
   186 | D        | Noticed a two-headed ogre
   186 | D        | Noticed an ogre
   186 | D        | Noticed a cyclops
   187 | D        | Killed a cyclops
   188 | D        | Killed a two-headed ogre
   188 | D        | Reached skill level 10 in Fighting
   188 | D        | Reached skill level 10 in Shields
   189 | D        | Killed an ogre
   189 | D        | Reached XP level 10. HP: 69/69 MP: 8/22
   191 | D        | Killed an ogre
   191 | D        | Reached skill level 10 in Maces & Flails
   197 | D        | Entered arena 5.
   197 | D        | Noticed a wight
   197 | D        | Noticed a necrophage
   199 | D        | Killed a necrophage
   199 | D        | Acquired Cheibriados' fourth power
   199 | D        | Reached skill level 12 in Armour
   200 | D        | Killed a wight
   200 | D        | Reached skill level 1 in Dodging
   209 | D        | Got the cursed -2 cloak of Limitation {rElec}
   215 | D        | Entered arena 6.
   215 | D        | Noticed a toenail golem
   215 | D        | Noticed a clay golem
   215 | D        | Noticed a clay golem
   215 | D        | Noticed a toenail golem
   215 | D        | Noticed a stone golem
   215 | D        | Noticed a toenail golem
   221 | D        | Killed a toenail golem
   224 | D        | Killed a clay golem
   224 | D        | Reached skill level 2 in Dodging
   225 | D        | Killed a stone golem
   225 | D        | Reached skill level 11 in Maces & Flails
   229 | D        | Killed a toenail golem
   229 | D        | Reached skill level 3 in Dodging
   232 | D        | Killed a toenail golem
   233 | D        | Killed a clay golem
   244 | D        | Entered arena 7.
   244 | D        | Noticed a naga
   244 | D        | Noticed a water moccasin
   244 | D        | Noticed a naga mage
   244 | D        | Noticed a black mamba
   245 | D        | Killed a water moccasin
   245 | D        | Killed a black mamba
   245 | D        | Reached skill level 4 in Dodging
   245 | D        | Reached skill level 11 in Shields
   246 | D        | Killed a naga
   246 | D        | Reached skill level 13 in Armour
   257 | D        | Entered arena 8.
   257 | D        | Noticed a crimson imp
   257 | D        | Noticed Lauzuz the pandemonium lord
   257 | D        | Noticed a smoke demon
   257 | D        | Noticed a red devil
   257 | D        | Noticed a hellwing
   259 | D        | Noticed a sixfirhy
   259 | D        | Noticed a soul eater
   259 | D        | Noticed a soul eater
   260 | D        | Killed a crimson imp
   260 | D        | Killed a sixfirhy
   261 | D        | Noticed an orange demon
   262 | D        | Killed a red devil
   262 | D        | Reached skill level 12 in Maces & Flails
   263 | D        | Killed a smoke demon
   263 | D        | Reached XP level 11. HP: 26/74 MP: 9/24
   263 | D        | Killed a soul eater
   263 | D        | Killed a soul eater
   263 | D        | Killed a hellwing
   263 | D        | Reached skill level 5 in Dodging
   266 | D        | Killed Lauzuz the pandemonium lord
   266 | D        | Reached skill level 14 in Maces & Flails
   266 | D        | Reached skill level 14 in Armour
   266 | D        | Reached skill level 7 in Dodging
   266 | D        | Reached skill level 12 in Shields
   266 | D        | Reached XP level 12. HP: 44/80 MP: 3/25
   273 | D        | Got the ring "Gonkyus" {SustAb rElec rC+}
   275 | D        | Got the +1 pair of boots of the Valley {+Rage rF++}
   278 | D        | Entered arena 9.
   278 | D        | Noticed a naga
   278 | D        | Noticed a black mamba
   278 | D        | Noticed a naga
   278 | D        | Noticed a water moccasin
   278 | D        | Noticed a water moccasin
   278 | D        | Noticed a naga
   281 | D        | Killed a naga
   281 | D        | Killed a water moccasin
   282 | D        | Killed a naga
   282 | D        | Reached skill level 15 in Armour
   282 | D        | Killed a water moccasin
   282 | D        | Reached skill level 13 in Shields
   282 | D        | Killed a black mamba
   282 | D        | Reached skill level 15 in Maces & Flails
   282 | D        | Reached skill level 8 in Dodging
   285 | D        | Killed a naga
   291 | D        | Entered arena 10.
   291 | D        | Noticed an orc wizard
   291 | D        | Noticed an orc priest
   291 | D        | Noticed an orc warrior
   291 | D        | Noticed an orc wizard
   291 | D        | Noticed an orc warrior
   291 | D        | Noticed an orc warrior
   291 | D        | Noticed an orc priest
   291 | D        | Noticed an orc wizard
   293 | D        | Killed an orc priest
   293 | D        | Killed an orc wizard
   293 | D        | Killed an orc wizard
   293 | D        | Killed an orc priest
   293 | D        | Killed an orc wizard
   295 | D        | Killed an orc warrior
   295 | D        | Killed an orc warrior
   295 | D        | Killed an orc warrior
   314 | D        | Entered arena 11.
   314 | D        | Noticed an anaconda
   314 | D        | Noticed a water moccasin
   314 | D        | Noticed a naga mage
   314 | D        | Noticed a water moccasin
   314 | D        | Noticed a water moccasin
   314 | D        | Noticed a water moccasin
   314 | D        | Noticed a water moccasin
   315 | D        | Noticed a black mamba
   317 | D        | Killed a water moccasin
   317 | D        | Killed a water moccasin
   317 | D        | Killed a water moccasin
   318 | D        | Killed a water moccasin
   319 | D        | Killed a water moccasin
   322 | D        | Killed a naga mage
   326 | D        | Killed an anaconda
   327 | D        | Killed a black mamba
   385 | D        | Entered arena 12.
   385 | D        | Noticed a white draconian
   385 | D        | Noticed a white draconian
   385 | D        | Noticed a red draconian
   385 | D        | Noticed a bone dragon
   385 | D        | Noticed a tentacled monstrosity
   385 | D        | Noticed a yellow draconian
   385 | D        | Noticed a purple draconian
   385 | D        | Noticed a grey draconian
   386 | D        | Noticed a yellow draconian
   386 | D        | Noticed a mottled draconian
   392 | D        | Killed a yellow draconian
   392 | D        | Reached skill level 16 in Maces & Flails
   392 | D        | Reached skill level 9 in Dodging
   392 | D        | Killed a mottled draconian
   392 | D        | Killed a tentacled monstrosity
   392 | D        | Reached skill level 16 in Armour
   392 | D        | Reached skill level 14 in Shields
   392 | D        | Reached XP level 13. HP: 51/85 MP: 3/26
   394 | D        | HP: 8/85 [white draconian/chilling blast (22)]
   396 | D        | Killed a white draconian
   396 | D        | Reached skill level 17 in Maces & Flails
   396 | D        | Reached skill level 10 in Dodging
   397 | D        | Noticed a white draconian
   397 | D        | Killed a purple draconian
   397 | D        | Killed a grey draconian
   397 | D        | Killed a yellow draconian
   399 | D        | Killed a red draconian
   399 | D        | Reached skill level 17 in Armour
   402 | D        | Killed a white draconian
   402 | D        | Reached skill level 18 in Maces & Flails
   403 | D        | HP: 13/85 [bone dragon (10)]
   411 | D        | Killed a white draconian
   411 | D        | Reached skill level 15 in Shields
   415 | D        | Killed a bone dragon
   415 | D        | Reached skill level 11 in Dodging
   469 | D        | Entered arena 13.
   469 | D        | Noticed a starcursed mass
   469 | D        | Noticed a ynoxinul
   470 | D        | Noticed a ynoxinul
   470 | D        | Noticed a giant orange brain
   470 | D        | Noticed a large abomination
   471 | D        | Noticed a chaos spawn
   472 | D        | Killed a starcursed mass
   473 | D        | Noticed a thrashing horror
   476 | D        | Killed a starcursed mass
   476 | D        | Killed a starcursed mass
   476 | D        | Killed a chaos spawn
   476 | D        | Killed a starcursed mass
   479 | D        | Killed a starcursed mass
   479 | D        | Killed a starcursed mass
   479 | D        | Killed a thrashing horror
   479 | D        | Killed a ynoxinul
   480 | D        | Killed a ynoxinul
   480 | D        | Killed a large abomination
   480 | D        | Reached skill level 19 in Maces & Flails
   480 | D        | Reached skill level 18 in Armour
   480 | D        | Reached XP level 14. HP: 34/90 MP: 1/27
   481 | D        | Killed a giant orange brain
   544 | D        | Entered arena 14.
   544 | D        | Noticed a naga mage
   545 | D        | Noticed a black mamba
   545 | D        | Noticed a black mamba
   545 | D        | Noticed a greater naga
   545 | D        | Noticed a water moccasin
   545 | D        | Noticed a guardian serpent
   546 | D        | Noticed a naga
   550 | D        | Killed a water moccasin
   550 | D        | Killed a black mamba
   550 | D        | Reached skill level 1 in Evocations
   551 | D        | Killed a guardian serpent
   552 | D        | Killed a black mamba
   552 | D        | Reached skill level 2 in Evocations
   552 | D        | Killed a naga mage
   555 | D        | Killed a greater naga
   555 | D        | Reached skill level 12 in Dodging
   555 | D        | Reached skill level 3 in Evocations
   556 | D        | Killed a naga
   595 | D        | Entered arena 15.
   595 | D        | Noticed a flying skull
   595 | D        | Noticed a blue devil
   595 | D        | Noticed a wight
   596 | D        | Noticed a reaper
   596 | D        | Noticed a wraith
   596 | D        | Noticed an iron devil
   596 | D        | Noticed a tormentor
   596 | D        | Noticed an iron devil
   596 | D        | Noticed an iron imp
   597 | D        | Noticed a blue devil
   597 | D        | Killed a wight
   597 | D        | Killed a flying skull
   598 | D        | Killed a blue devil
   598 | D        | Killed a wraith
   598 | D        | Reached skill level 4 in Evocations
   598 | D        | Killed a tormentor
   601 | D        | Killed a reaper
   601 | D        | Reached skill level 16 in Shields
   601 | D        | Reached skill level 5 in Evocations
   602 | D        | Killed a blue devil
   606 | D        | Killed an iron devil
   609 | D        | Killed an iron devil
   611 | D        | Killed an iron imp
   682 | D        | Entered arena 16.
   684 | D        | Noticed a naga mage
   684 | D        | Noticed a naga
   685 | D        | Noticed a guardian serpent
   685 | D        | Noticed a naga warrior
   685 | D        | Noticed a naga mage
   685 | D        | Noticed a guardian serpent
   685 | D        | Noticed a naga warrior
   685 | D        | Noticed an anaconda
   685 | D        | Noticed a guardian serpent
   685 | D        | Noticed a naga mage
   686 | D        | Noticed a black mamba
   686 | D        | Noticed a guardian serpent
   687 | D        | Killed an anaconda
   688 | D        | Killed a black mamba
   688 | D        | Reached skill level 20 in Maces & Flails
   688 | D        | Reached skill level 6 in Evocations
   688 | D        | Killed a guardian serpent
   689 | D        | Killed a naga mage
   689 | D        | Killed a naga mage
   689 | D        | Killed a guardian serpent
   689 | D        | Killed a naga mage
   689 | D        | Killed a guardian serpent
   689 | D        | Killed a guardian serpent
   695 | D        | Killed a naga warrior
   695 | D        | Reached skill level 7 in Evocations
   696 | D        | Killed a naga warrior
   697 | D        | Killed a naga
   711 | D        | Entered arena 17.
   713 | D        | Noticed a freezing wraith
   713 | D        | Noticed an ice devil
   713 | D        | Noticed an ice devil
   714 | D        | Noticed a polar bear
   714 | D        | Noticed an ice devil
   714 | D        | Noticed an ice dragon
   714 | D        | Noticed an ice dragon
   714 | D        | Noticed an ice beast
   714 | D        | Noticed an ice dragon
   715 | D        | Noticed an ice devil
   715 | D        | Noticed a frost giant
   715 | D        | Noticed a frost giant
   720 | D        | Killed an ice beast
   721 | D        | Killed an ice devil
   726 | D        | Killed a polar bear
   726 | D        | Reached skill level 13 in Dodging
   726 | D        | Killed a freezing wraith
   731 | D        | Killed an ice devil
   734 | D        | HP: 19/91 [ice dragon/blast of cold (5)]
   734 | D        | Killed a frost giant
   735 | D        | Killed an ice devil
   739 | D        | Killed an ice dragon
   739 | D        | Killed a frost giant
   739 | D        | Reached skill level 11 in Fighting
   739 | D        | Reached skill level 21 in Maces & Flails
   739 | D        | Reached skill level 17 in Shields
   739 | D        | Killed an ice devil
   743 | D        | Killed an ice dragon
   743 | D        | Reached XP level 15. HP: 30/97 MP: 2/28
   744 | D        | Killed an ice dragon
   819 | D        | Entered arena 18.
   821 | D        | Noticed a hell hound
   821 | D        | Noticed a blue devil
   821 | D        | Noticed an iron devil
   822 | D        | Noticed an iron devil
   822 | D        | Noticed a reaper
   822 | D        | Noticed a freezing wraith
   822 | D        | Noticed a red devil
   822 | D        | Noticed a red devil
   822 | D        | Noticed a tormentor
   822 | D        | Noticed a reaper
   822 | D        | Noticed a skeletal warrior
   823 | D        | Noticed a reaper
   823 | D        | Killed a hell hound
   824 | D        | Noticed a blue devil
   824 | D        | Noticed a tormentor
   824 | D        | Killed a tormentor
   824 | D        | Killed a red devil
   824 | D        | Killed a red devil
   825 | D        | Noticed an iron imp
   826 | D        | Killed a tormentor
   828 | D        | Killed an iron devil
   829 | D        | Killed a reaper
   829 | D        | Reached skill level 19 in Armour
   829 | D        | Killed a skeletal warrior
   832 | D        | Killed a reaper
   835 | D        | Killed a reaper
   835 | D        | Reached skill level 12 in Fighting
   835 | D        | Reached skill level 14 in Dodging
   836 | D        | Killed a freezing wraith
   837 | D        | Killed a blue devil
   838 | D        | Killed a blue devil
   840 | D        | Killed an iron devil
   842 | D        | Killed an iron imp
   917 | D        | Entered arena 19.
   922 | D        | Noticed a spriggan defender
   922 | D        | Noticed an oklob plant
   923 | D        | Noticed a spriggan air mage
   923 | D        | Noticed a spriggan berserker
   923 | D        | Noticed a spriggan berserker
   923 | D        | Noticed a treant
   924 | D        | Noticed a faun
   924 | D        | Noticed a thorn hunter
   924 | D        | Noticed a spriggan druid
   924 | D        | Noticed a treant
   925 | D        | Noticed an iron troll
   925 | D        | Noticed a spriggan enchanter
   925 | D        | Killed a spriggan air mage
   925 | D        | Reached skill level 22 in Maces & Flails
   925 | D        | Killed a spriggan enchanter
   925 | D        | Killed a spriggan druid
   925 | D        | Killed a spriggan berserker
   925 | D        | Killed a spriggan berserker
   928 | D        | Noticed a spriggan druid
   932 | D        | Killed a faun
   932 | D        | Killed a spriggan defender
   933 | D        | Noticed a fire drake
   933 | D        | Noticed a fire drake
   933 | D        | Killed a thorn hunter
   933 | D        | Reached skill level 18 in Shields
   936 | D        | Killed a spriggan druid
   936 | D        | Reached skill level 20 in Armour
   937 | D        | Killed a fire drake
   937 | D        | Reached skill level 13 in Fighting
   937 | D        | Killed a fire drake
   937 | D        | Killed a treant
   939 | D        | Killed a treant
   947 | D        | Noticed a wind drake
   947 | D        | Killed an iron troll
   954 | D        | Killed a wind drake
   954 | D        | Reached skill level 15 in Dodging
   963 | D        | Noticed an ancient bear
   963 | D        | Noticed a spriggan berserker
   963 | D        | Identified a +1 rod of fiery destruction (10/12)
   964 | D        | Noticed an ancient bear
   964 | D        | Noticed an apis
   964 | D        | Noticed a treant
   964 | D        | Noticed a spriggan berserker
   964 | D        | Noticed a spriggan assassin
   966 | D        | Killed a spriggan assassin
   966 | D        | Reached skill level 23 in Maces & Flails
   966 | D        | Killed a spriggan berserker
   966 | D        | Killed a spriggan berserker
   967 | D        | Killed an apis
   968 | D        | Killed an ancient bear
   968 | D        | Reached XP level 16. HP: 43/107 MP: 7/29
   970 | D        | Killed a treant
   972 | D        | HP: 22/107 [ancient bear (6)]
   974 | D        | Killed an ancient bear
   980 | D        | HP: 24/107 [poisoned by a red wasp]
   985 | D        | Killed an oklob plant
   985 | D        | Reached skill level 14 in Fighting
  1115 | D        | Entered arena 20.
  1117 | D        | Killed a naga mage
  1120 | D        | Noticed an orb of fire
  1120 | D        | Noticed a balrug
  1120 | D        | Noticed a fire elemental
  1120 | D        | Gained mutation: You cover ground slowly. [an orb of fire]
  1121 | D        | Noticed an efreet
  1121 | D        | Noticed a hell hound
  1121 | D        | Noticed a fire elemental
  1121 | D        | Noticed a balrug
  1121 | D        | Noticed a fire drake
  1122 | D        | Noticed a balrug
  1122 | D        | Noticed a hell hound
  1122 | D        | Noticed an efreet
  1123 | D        | Noticed a hell hound
  1124 | D        | Noticed a fire drake
  1124 | D        | Noticed a fire vortex
  1124 | D        | Noticed an efreet
  1124 | D        | Noticed a fire giant
  1124 | D        | Noticed a fire giant
  1125 | D        | Noticed a balrug
  1125 | D        | Noticed a fire drake
  1127 | D        | Killed a fire drake
  1127 | D        | Killed a fire drake
  1127 | D        | Killed a hell hound
  1127 | D        | Killed a hell hound
  1127 | D        | Killed a fire elemental
  1127 | D        | Killed a hell hound
  1128 | D        | Killed an efreet
  1128 | D        | Killed an efreet
  1128 | D        | Killed an efreet
  1128 | D        | Killed a fire elemental
  1128 | D        | Killed a fire drake
  1129 | D        | Noticed a fire giant
  1130 | D        | Killed a fire vortex
  1130 | D        | Killed a balrug
  1130 | D        | Reached skill level 21 in Armour
  1131 | D        | Noticed a hell hound
  1131 | D        | Killed a hell hound
  1131 | D        | Reached skill level 19 in Shields
  1131 | D        | Killed a balrug
  1131 | D        | Killed a fire giant
  1131 | D        | Killed a balrug
  1131 | D        | Killed an orb of fire
  1131 | D        | Reached skill level 15 in Fighting
  1131 | D        | Reached skill level 16 in Dodging
  1132 | D        | Killed a fire giant
  1134 | D        | Noticed a fire dragon
  1134 | D        | Noticed a fire drake
  1134 | D        | Killed a balrug
  1135 | D        | Killed a fire giant
  1135 | D        | Reached skill level 24 in Maces & Flails
  1138 | D        | Killed a fire dragon
  1138 | D        | Reached skill level 22 in Armour
  1139 | D        | Noticed a fire giant
  1140 | D        | Killed a fire drake
  1142 | D        | Killed a fire giant
  1153 | D        | Noticed a fire dragon
  1155 | D        | Killed a fire dragon
  1300 | D        | Entered arena 21.
  1303 | D        | Noticed an iron imp
  1303 | D        | Noticed a tormentor
  1304 | D        | Noticed a Hell Sentinel
  1304 | D        | Noticed a reaper
  1304 | D        | Noticed a tormentor
  1304 | D        | Noticed a blue devil
  1304 | D        | Noticed an iron devil
  1304 | D        | Noticed a skeletal warrior
  1304 | D        | Noticed a reaper
  1304 | D        | Noticed an iron devil
  1304 | D        | Noticed a blue devil
  1304 | D        | Noticed an iron devil
  1305 | D        | Noticed a freezing wraith
  1305 | D        | Noticed an iron imp
  1306 | D        | Killed a tormentor
  1306 | D        | Killed an iron imp
  1306 | D        | Killed a tormentor
  1306 | D        | Reached skill level 20 in Shields
  1309 | D        | Noticed an iron imp
  1309 | D        | Killed an iron imp
  1309 | D        | Killed an iron imp
  1309 | D        | Killed a blue devil
  1310 | D        | Noticed a Hell Sentinel
  1310 | D        | Killed a Hell Sentinel
  1310 | D        | Reached skill level 16 in Fighting
  1310 | D        | HP: 20/111 [reaper/scythe of freezing (9)]
  1311 | D        | Noticed a freezing wraith
  1313 | D        | Noticed a hellion
  1315 | D        | HP: 21/111 [iron devil (3)]
  1316 | D        | Killed a Hell Sentinel
  1316 | D        | Reached skill level 17 in Dodging
  1316 | D        | Reached XP level 17. HP: 15/117 MP: 21/29
  1318 | D        | Killed a reaper
  1319 | D        | Killed a hellion
  1320 | D        | Killed a blue devil
  1320 | D        | Killed an iron devil
  1320 | D        | Killed a freezing wraith
  1321 | D        | Killed a reaper
  1321 | D        | Killed a skeletal warrior
  1323 | D        | Killed an iron devil
  1323 | D        | Killed a freezing wraith
  1323 | D        | Killed an iron devil
  1331 | D        | Noticed a tormentor
  1331 | D        | HP: 11/117 [tormentor/torment (6)]
  1334 | D        | Killed a tormentor
  1489 | D        | Entered arena 22.
  1495 | D        | Noticed a Shadow Fiend
  1496 | D        | Noticed a soul eater
  1496 | D        | Noticed a soul eater
  1496 | D        | jesus christ stop
  1496 | D        | Noticed a Shadow Fiend
  1496 | D        | Noticed a soul eater
  1497 | D        | Noticed a soul eater
  1497 | D        | Noticed a soul eater
  1497 | D        | Noticed a ghoul
  1498 | D        | Noticed a soul eater
  1498 | D        | Noticed a soul eater
  1498 | D        | Killed a Shadow Fiend
  1498 | D        | Reached skill level 11 in Invocations
  1499 | D        | Noticed a shadow dragon
  1499 | D        | Noticed a shadow dragon
  1499 | D        | Noticed a soul eater
  1499 | D        | Noticed a ghoul
  1500 | D        | Noticed a shadow dragon
  1501 | D        | Killed a soul eater
  1503 | D        | Killed a ghoul
  1504 | D        | Noticed a Shadow Fiend
  1505 | D        | Killed a soul eater
  1505 | D        | HP: 26/117 [Shadow Fiend/torment (19)]
  1509 | D        | Killed a shadow dragon
  1509 | D        | Reached skill level 12 in Invocations
  1509 | D        | Killed a shadow dragon
  1509 | D        | Killed a shadow dragon
  1509 | D        | HP: 9/117 [Shadow Fiend/torment (5)]
  1510 | D        | Killed a soul eater
  1510 | D        | Reached skill level 17 in Fighting
  1510 | D        | Killed a soul eater
  1510 | D        | Killed a soul eater
  1510 | D        | Killed a soul eater
  1510 | D        | Reached skill level 13 in Invocations
  1510 | D        | Killed a soul eater
  1510 | D        | Killed a soul eater
  1511 | D        | Killed a Shadow Fiend
  1511 | D        | Reached skill level 18 in Dodging
  1511 | D        | Reached skill level 21 in Shields
  1512 | D        | Killed a Shadow Fiend
  1512 | D        | Reached skill level 25 in Maces & Flails
  1512 | D        | Reached skill level 14 in Invocations
  1513 | D        | Killed a ghoul
  1516 | D        | Noticed a Shadow Fiend
  1516 | D        | HP: 5/119 [Shadow Fiend/bolt of negative energy (7)]
  1518 | D        | Killed from afar by a Shadow Fiend

Vanquished Creatures
  An orb of fire (D)
  A pandemonium lord (D)
  A bone dragon (D)
  2 Hell Sentinels (D)
  A tentacled monstrosity (D)
  A thorn hunter (D)
  3 Shadow Fiends (D)
  3 shadow dragons (D)
  2 ghouls (D)
  4 fire giants (D)
  A frost giant (D)
  6 reapers (D)
  A greater naga (D)
  2 ancient bears (D)
  4 balrugs (D)
  A spriggan defender (D)
  3 treants (D)
  An apis (D)
  A grey draconian (D)
  3 white draconians (D)
  2 yellow draconians (D)
  A mottled draconian (D)
  A red draconian (D)
  A purple draconian (D)
  A spriggan air mage (D)
  2 fire dragons (D)
  3 ice dragons (D)
  2 anacondas (D)
  A spriggan assassin (D)
  A thrashing horror (D)
  2 spriggan druids (D)
  A spriggan enchanter (D)
  4 spriggan berserkers (D)
  2 naga warriors (D)
  2 skeletal warriors (D)
  4 ice devils (D)
  10 soul eaters (D)
  An iron troll (D)
  A giant orange brain (D)
  A large abomination (D)
  A faun (D)
  A hellion (D)
  A sixfirhy (D)
  A cyclops (D)
  A stone golem (D)
  A red wasp (D)
  6 black mambas (D)
  5 tormentors (D)
  5 guardian serpents (D)
  6 fire drakes (D)
  A smoke demon (D)
  7 iron devils (D)
  6 naga magi (D)
  A hellwing (D)
  3 efreet (D)
  3 red devils (D)
  A wind drake (D)
  A two-headed ogre (D)
  A polar bear (D)
  9 blue devils (D)
  A fire vortex (D)
  A flying skull (D)
  3 ynoxinuls (D)
  A wraith (D)
  3 toenail golems (D)
  A neqoxec (D)
  2 clay golems (D)
  A chaos spawn (D)
  2 fire elementals (D)
  3 draconians (D)
  6 hell hounds (D)
  A necrophage (D)
  6 nagas (D)
  2 yellow wasps (D)
  4 freezing wraiths (D)
  An ice beast (D)
  2 ogres (D)
  3 orc warriors (D)
  9 water moccasins (D)
  2 wights (D)
  A crimson imp (D)
  6 starcursed masses (D)
  5 iron imps (D)
  2 orc priests (D)
  3 orc wizards (D)
  A mummy (D)
  5 adders (D)
  A lemure (D)
  A giant centipede (D)
  2 shadow imps (D)
  A giant mite (D)
  2 white imps (D)
  29 ufetubi (D)
  An adder zombie (D)
  2 adder skeletons (D)
  An orc (D)
  A bat (D)
  A bat simulacrum (D)
  2 bat skeletons (D)
  4 bat zombies (D)
  A giant cockroach (D)
  9 ball pythons (D)
  3 giant cockroach zombies (D)
  A giant gecko zombie (D)
  A giant newt (D)
  A giant newt zombie (D)
  A goblin simulacrum (D)
  6 goblin zombies (D)
  A hobgoblin simulacrum (D)
  3 hobgoblin zombies (D)
  A jackal zombie (D)
  A kobold (D)
  A kobold simulacrum (D)
  A kobold zombie (D)
  A quokka zombie (D)
  A rat (D)
  A rat simulacrum (D)
  2 rat skeletons (D)
  2 rat zombies (D)
  A butterfly (D)
310 creatures vanquished.

Vanquished Creatures (collateral kills)
  An oklob plant (D)
  A tormentor (D)
2 creatures vanquished.

Vanquished Creatures (others)
  A frost giant (D)
  A white imp (D)
  A ball python (D)
3 creatures vanquished.

Grand Total: 315 creatures vanquished
